 Dungeon Crawl Stone Soup version 0.15.2 (webtiles) character file.

8505 Heini the Basher (level 11, 0/102 HPs)
             Began as a Minotaur Fighter on Mar 11, 2015.
             Was a High Priest of Okawaru.
             Slain by a yak (7 damage)
             ... on Level 8 of the Dungeon.
             The game lasted 00:18:05 (8457 turns).

Heini the Basher (Minotaur Fighter)                 Turns: 8457, Time: 00:18:06

HP   0/102       AC 22     Str 24      XL: 11   Next: 10%
MP   4/4         EV  7     Int  5      God: Okawaru [*****.]
Gold 450         SH  4     Dex 10      Spells:  0 memorised, 10 levels left

rFire  . . .     SeeInvis .     y - +1 morningstar
rCold  . . .     Clarity  .     C - +4 plate armour
rNeg   . . .     rCorr    .     n - +0 buckler
rPois  .         rRot     .     (helmet restricted)
rElec  .         Spirit   .     A - +0 cloak
SustAb .         Warding  .     (no gloves)
rMut   .         Stasis   .     l - +0 pair of boots
Gourm  .                        (no amulet)
MR     .....                    (no ring)
                                (no ring)

@: not resistant to hostile enchantments, extremely unstealthy
A: retaliatory headbutt, horns 2
a: Heroism, Finesse, Renounce Religion


You were on level 8 of the Dungeon.
You worshipped Okawaru.
Okawaru was extremely pleased with you.
You were not hungry.

You visited 2 branches of the dungeon, and saw 10 of its levels.

You collected 450 gold pieces.

Inventory:

Hand weapons
 y - a +1 morningstar (weapon)
Armour
 l - a +0 pair of boots (worn)
 n - a +0 buckler (worn)
 A - a +0 cloak (worn)
 C - a +4 plate armour (worn)
Magical devices
 e - a wand of draining (3)
 w - a wand of heal wounds (0)
 D - a wand of frost (15)
Comestibles
 b - 2 fruits
 d - 8 bread rations
 j - 6 meat rations
 E - a royal jelly
 F - a slice of pizza
 G - a rotting chunk of iguana flesh
 I - a chunk of quokka flesh
Scrolls
 a - 3 scrolls of remove curse
 f - 2 scrolls of recharging
 h - a scroll of fog
 k - 3 scrolls of teleportation
 r - a scroll of holy word {unknown}
 s - a scroll of magic mapping
 B - a scroll of identify
Jewellery
 i - an uncursed ring of positive energy
Potions
 c - a potion of poison {unknown}
 g - a potion of heal wounds
 m - a potion of confusion
 o - 3 potions of haste
 p - a potion of berserk rage
 t - a potion of cancellation
 u - a potion of brilliance {unknown}
 v - a potion of restore abilities
 z - 2 potions of might
Books
 q - a book of Changes

   Spells                             Type                      Level
   Beastly Appendage                  Transmutation                1
   Sticks to Snakes                   Transmutation                2
   Spider Form                        Transmutation/Poison         3
   Ice Form                           Ice/Transmutation            4
   Blade Hands                        Transmutation                5
 x - a book of Maledictions

   Spells                             Type                      Level
   Corona                             Hexes                        1
   Sure Blade                         Hexes/Charms                 2
   Ensorcelled Hibernation            Hexes/Ice                    2
   Confuse                            Hexes                        3
   Dazzling Spray                     Conjuration/Hexes            3
   Enslavement                        Hexes                        4


   Skills:
 * Level 11.4 Fighting
 * Level 13.1 Maces & Flails
 * Level 11.6 Armour
 - Level 3.6 Shields
 + Level 0.4 Evocations


You had 10 spell levels left.
You didn't know any spells.

Dungeon Overview and Level Annotations

Branches:
Dungeon (9/15)             Temple (1/1) D:4            Lair (0/8) D:8
    Orc: D:9-12

Altars:
Ashenzari
Cheibriados
Dithmenos
Elyvilon
Fedhas
Kikubaaqudgha
Makhleb
Nemelex Xobeh
Okawaru
Qazlal
Sif Muna
Trog
Vehumet
Xom
Yredelemnul
Zin
The Shining One

Shops:
D:4 [   D:8 [


Innate Abilities, Weirdness & Mutations

You reflexively headbutt those who attack you in melee.
You have a pair of horns on your head.


Message History

You see here a yak corpse.
Things that are here:
a yak corpse x2
There is a stone staircase leading up here.
You climb upwards.
There is a stone staircase leading down here.
You are too injured to fight recklessly!
You are too injured to fight recklessly!
You are too injured to fight recklessly!
You bludgeon the yak!! You headbutt the yak.
The yak is severely wounded.
The yak gores you.
* * * LOW HITPOINT WARNING * * *
You barely miss the yak.
The yak is severely wounded.
The yak closely misses you. You furiously retaliate!
You headbutt the yak.
Your plate armour prevents you from hitting the yak.
The yak is almost dead.
The yak gores you!
You die...

...# #########.## ...#
#......[...# .###
#.#######..# .# #.#
#..##### .# #.#
#......# .# #.#
##.###.# .#####.#
#####.#.##.##
..).)..###....###Y...#
.))<)......###.#@##..#
#####..##### ##.###..#
#..## #.# #..#
#...#######.# #..#
##..........# #..#
##.######### #..# #.#
##..# #.# #######...##
#.# #..........#


You could see a yak.

Vanquished Creatures
  The ghost of ghwc the Basher, an experienced OgSk of Makhleb (D:7)
  The ghost of ImaNewbie the Spear-Bearer, an experienced MfBe of Trog (D:6)
  An ugly thing (D:9)
  A troll (D:9)
  A hippogriff (D:7)
  Grum (D:8)
  14 yaks
  A hungry ghost (D:7)
  A hill giant skeleton (D:8)
  2 steam dragons (D:9)
  3 wolves (D:8)
  3 orc warriors
  2 sky beasts
  6 ogres
  5 centaurs
  A giant frog (D:8)
  A gnoll sergeant (D:8)
  A hippogriff zombie (D:9)
  A scorpion (D:5)
  7 wights
  3 killer bees (D:7)
  A troll skeleton (D:8)
  3 crimson imps
  3 jellies
  A centaur skeleton (D:5)
  5 hounds
  5 iguanas
  8 orc wizards
  8 orc priests
  7 worker ants
  Natasha (D:4)
  A killer bee zombie (D:8)
  Jessica (D:3)
  An ogre skeleton (D:4)
  A hound skeleton (D:6)
  A worker ant zombie (D:5)
  8 adders
  11 gnolls
  An orc skeleton (D:7)
  A shadow imp (D:5)
  3 worms
  A gnoll zombie (D:8)
  An iguana skeleton (D:5)
  An orc zombie (D:7)
  6 giant geckos
  2 oozes
  36 orcs
  3 ball pythons
  13 bats
  2 giant cockroaches
  18 hobgoblins
  17 kobolds
  6 quokkas
  4 giant newts
  A giant spore (D:8)
  9 goblins
  A hobgoblin skeleton (D:7)
  2 kobold zombies
  11 rats
  A rat skeleton (D:5)
  2 ballistomycetes (D:8)
  3 fungi (D:4)
  A plant (Temple)
269 creatures vanquished.

Notes
Turn   | Place    | Note
--------------------------------------------------------------
     0 | D:1      | Heini, the Minotaur Fighter, began the quest for the Orb.
     0 | D:1      | Reached XP level 1. HP: 19/19 MP: 1/1
    98 | D:1      | Reached skill level 4 in Armour
    98 | D:1      | Reached XP level 2. HP: 22/27 MP: 1/1
   372 | D:1      | Reached XP level 3. HP: 19/33 MP: 2/2
   863 | D:2      | Found a stormy altar of Qazlal.
  1316 | D:3      | Found a glowing silver altar of Zin.
  1316 | D:3      | Noticed Jessica
  1325 | D:3      | Killed Jessica
  1325 | D:3      | Reached XP level 4. HP: 30/41 MP: 2/2
  1391 | D:3      | Reached skill level 5 in Armour
  2104 | D:4      | Reached XP level 5. HP: 17/47 MP: 2/2
  2307 | D:4      | Reached skill level 5 in Fighting
  2341 | D:4      | Noticed an ogre
  2346 | D:4      | Reached XP level 6. HP: 23/56 MP: 3/3
  2365 | D:5      | Entered Level 5 of the Dungeon
  2602 | D:5      | Reached skill level 6 in Armour
  2776 | D:5      | Reached skill level 5 in Maces & Flails
  2794 | D:5      | Reached XP level 7. HP: 42/63 MP: 3/3
  2809 | D:5      | Reached skill level 7 in Armour
  3739 | D:4      | Found a blossoming altar of Fedhas.
  3766 | D:4      | Killed an ogre
  3766 | D:4      | Reached skill level 8 in Armour
  3766 | D:4      | Reached XP level 8. HP: 69/71 MP: 3/3
  3819 | D:4      | Found an ancient bone altar of Kikubaaqudgha.
  3861 | D:4      | Noticed Natasha
  3873 | D:4      | Killed Natasha
  4025 | D:4      | Found Klutt's Armour Boutique.
  4038 | D:4      | Noticed an ogre
  4049 | D:4      | Killed an ogre
  4354 | D:4      | Found a staircase to the Ecumenical Temple.
  4359 | Temple   | Entered the Ecumenical Temple
  4449 | Temple   | Became a worshipper of Warmaster Okawaru
  5125 | D:6      | Found a sparkling altar of Nemelex Xobeh.
  5366 | D:6      | Noticed ImaNewbie's ghost (experienced MfBe)
  5382 | D:6      | Killed ImaNewbie's ghost
  5382 | D:6      | Reached skill level 9 in Armour
  5382 | D:6      | Reached XP level 9. HP: 73/82 MP: 4/4
  5757 | D:7      | Noticed ghwc's ghost (experienced OgSk)
  5800 | D:7      | Killed ghwc's ghost
  5800 | D:7      | Acquired Okawaru's first power
  5800 | D:7      | Reached skill level 10 in Maces & Flails
  6149 | D:7      | Reached skill level 10 in Armour
  6457 | D:7      | Found a radiant altar of Vehumet.
  6468 | D:7      | Reached skill level 10 in Fighting
  6816 | D:7      | Reached skill level 11 in Maces & Flails
  6816 | D:7      | Reached XP level 10. HP: 90/93 MP: 4/4
  6919 | D:8      | Found Aptihuf's Armour Shoppe.
  7083 | D:8      | Found a white marble altar of Elyvilon.
  7142 | D:8      | Noticed Grum
  7155 | D:8      | Killed Grum
  7849 | D:8      | Reached skill level 12 in Maces & Flails
  7989 | D:8      | Found a staircase to the Lair.
  8032 | D:9      | Noticed a white ugly thing
  8046 | D:9      | Killed a white ugly thing
  8391 | D:9      | Reached XP level 11. HP: 34/102 MP: 4/4
  8409 | D:9      | Reached skill level 13 in Maces & Flails
  8428 | D:9      | Acquired Okawaru's second power
  8430 | D:9      | HP: 3/102 [yak (6)]
  8457 | D:8      | Slain by a yak

Action                   |  1- 3 |  4- 6 |  7- 9 | 10-12 || total
-------------------------+-------+-------+-------+-------++-------
Melee: Flail             |    89 |   116 |    83 |       ||   288
       Morningstar       |       |       |   307 |   266 ||   573
Evoke: Wand              |       |       |       |     3 ||     3
  Use: Scroll            |     2 |     8 |     4 |     1 ||    15
       Potion            |       |     1 |     2 |       ||     3
  Eat: Chunk             |     1 |     5 |    15 |     5 ||    26
